 Dungeon Crawl Stone Soup version 0.29-a0-925-g0a7a3d12f8 (webtiles) character file.

Game seed: 15245506419644321432

196 spaghetti the Trooper (level 5, 0/93 HPs)
             Began as an Ogre Fighter on July 28, 2022.
             Succumbed to Sigmund's poison
             ... on level 2 of the Dungeon.
             The game lasted 00:01:23 (1051 turns).

spaghetti the Trooper (Ogre Fighter)                Turns: 1051, Time: 00:01:24

Health: 0/93       AC: 22    Str: 20    XL:     5   Next: 75%
Magic:  5/5        EV:  1    Int: 17    God:
Gold:   17         SH:  7    Dex:  8    Spells: 4/4 levels left

rFire   . . .      SeeInvis .   l - +0 dagger (venom) {short}
rCold   . . .      Faith    .   b - +0 kite shield
rNeg    . . .      Spirit   .   (body armour currently unavailable)
rPois   +          Reflect  .   (helmet currently unavailable)
rElec   .          Harm     .   (cloak currently unavailable)
rCorr   .          Rampage  .   (gloves unavailable)
Will    .....      NoTele   +   (boots unavailable)
Stlth   +.........              (no amulet)
HPRegen 0.25/turn               d - +6 ring of intelligence
MPRegen 0.09/turn               (no ring)

@: mighty, lethally poisoned (0 -> -4), tree-form
A: stationary, stasis, torment immunity, boosted hp, large, unfitting armour,
(tough skin 1)
a: no special abilities


You were on level 2 of the Dungeon.
You were a tree.
You visited 1 branch of the dungeon, and saw 2 of its levels.

You collected 17 gold pieces.


Innate Abilities, Weirdness & Mutations

You are a tree.
Your roots penetrate the ground, keeping you stationary.
You cannot be teleported.
You are immune to unholy pain and torment.
Your maximum health is greatly increased.
Your equipment is partially melded.
You are too large for most types of armour.
((You have tough skin. (AC +1)))


   Skills:
 + Level 7.6 Fighting
 - Level 2.6 Dodging
 - Level 3.0 Shields
 - Level 2.7 Unarmed Combat


You had 4 spell levels left.
You didn't know any spells.
Your spell library contained the following spells:

 Spells                   Type           Power      Damage    Failure   Level
 Gell's Gravitas          Tloc           0%         N/A       86%         3
 Teleport Other           Tloc           0%         N/A       86%         3
 Dispersal                Tloc           0%         N/A       100%        6

Inventory:

Hand Weapons
 i - a +0 club {mace}
   (You took it off a goblin on level 1 of the Dungeon)
 k - a +0 dagger {short}
   (You took it off a kobold on level 1 of the Dungeon)
 l - a +0 dagger of venom (weapon) {short}
   (You took it off a kobold on level 1 of the Dungeon)
Missiles
 g - 7 stones (quivered) {throwing}
 h - 5 boomerangs {throwing}
Armour
 a - a +0 robe (melded)
 b - a +0 kite shield (worn)
Jewellery
 d - a +6 ring of intelligence (left branch)
   (You found it on level 1 of the Dungeon)
Scrolls
 e - a scroll of vulnerability {unknown}
 f - 2 scrolls of identify {unknown}
 j - a scroll of immolation {unknown}

Dungeon Overview and Level Annotations

Branches:
Dungeon (2/15) Zot: 10941

Altars:

#.# #.# #)# #
#.#####.###.#..##
..........)......
#.#####.###.#..##
#<.......
.#####.###.#.###
#........♣)......
#######.#####.###
#.# #.# ... ###


There were no monsters in sight!


Message History

Your Fighting skill increases to level 5! 😕 HP[+2]
You now have 42 max hp (+2).
You regained 2 hp, and now have 34/42 hp.
Things that are here:
a +0 whip {mace}; a +0 flail {mace}; a gnoll corpse 😕 HP[+1]
Things that are here:
a +0 whip {mace}; a +0 flail {mace}; a gnoll corpse
m - a viscous emerald potion 😎 HP[+7]
Your hp is fully restored (42).
There is a stone staircase leading up here.
Sigmund the Dreaded comes into view.
He is wielding a +1 scythe of venom and wearing a +2 robe of fire resistance.
Sigmund shouts!
Sigmund closely misses you.
You hit Sigmund.
Sigmund is poisoned.
You hit Sigmund but do no damage.
Sigmund points at you and mumbles some strange words.
You resist with some effort.
You closely miss Sigmund.
Sigmund hits you with a +1 scythe of venom!
You are poisoned. 😕 HP[-7]
You take 7 damage, and now have 35/42 hp.
Unknown command.
You closely miss Sigmund.
You feel very sick. Sigmund gestures at you while chanting.
The puff of flame hits you! 😮 HP[-13]
You take 13 damage, and now have 22/42 hp.
MASSIVE DAMAGE!! (PAUSE)
You feel very mighty all of a sudden.
You feel very sick.
Sigmund hits you with a +1 scythe of venom.
* * * LOW HITPOINT WARNING * * *
You are more poisoned. 😨 HP[-4]
You take 4 damage, and now have 18/42 hp.
Unknown command.
Unknown command.
You hit Sigmund but do no damage.
Sigmund looks as sick as possible!
* * * LOW HITPOINT WARNING * * *
You feel very sick. Sigmund casts a spell at you.
You resist with some effort. 😨 HP[-4]
You take 4 damage, and now have 14/42 hp.
You hit Sigmund.
* * * LOW HITPOINT WARNING * * *
You feel very sick. Sigmund hits you but does no damage.
You are lethally poisoned! 😱 HP[-4]
You take 4 damage, and now have 10/42 hp.
It was a potion of lignification.
You turn into a tree.
Your +0 robe melds into your body.
Your roots penetrate the ground.
* * * LOW HITPOINT WARNING * * *
You feel very sick. 😱 HP[+2]
You now have 63 max hp (+21).
You regained 2 hp, and now have 12/63 hp.
You hit Sigmund.
* * * LOW HITPOINT WARNING * * *
You feel very sick.
Sigmund hits you with a +1 scythe of venom.
* * * LOW HITPOINT WARNING * * *
😱 HP[-5]
You take 5 damage, and now have 7/63 hp.
You barely miss Sigmund.
* * * LOW HITPOINT WARNING * * *
You feel very sick.
You kill Sigmund!
Your Fighting skill gained 2 levels and is now at level 7!
You have reached level 4!
You have reached level 5! 😱 HP[-2] MP[+2]
You now have 93 max hp (+30).
Your mp is fully restored (5).
There is a lethal amount of poison in your body!
There is a lethal amount of poison in your body!
You aren't carrying any potions.
You aren't carrying any potions.
Okay, then.
There is a lethal amount of poison in your body!
There is a lethal amount of poison in your body!
Unknown command.
* * * LOW HITPOINT WARNING * * *
You feel sick. 😱 HP[-2]
You take 2 damage, and now have 3/93 hp.
* * * LOW HITPOINT WARNING * * *
You feel sick. 😱 HP[-1]
You take 1 damage, and now have 2/93 hp.
* * * LOW HITPOINT WARNING * * *
You feel sick. 😱 HP[-1]
You take 1 damage, and now have 1/93 hp.
You die...

Skill      XL: |  1  2  3 |
---------------+----------+-----
Unarmed Combat | 2 |  2.7
Fighting       | 7 |  7.6
Dodging        | |  2.6
Shields        | |  3.0

Action                   |  1- 3 |  4- 6 || total
-------------------------+-------+-------++-------
Melee: Unarmed           |    56 |       ||    56
       Dagger            |    30 |       ||    30
  Use: Potion            |     2 |       ||     2
 Stab: Sleeping          |     1 |       ||     1
Armor: Robe              |    28 |       ||    28
Dodge: Dodged            |    34 |       ||    34
Block: Kite shield       |    23 |       ||    23

Levels and vault maps discovered:
D:1:      minmay_arrival_open_corners, layout_basic
D:2:      layout_basic, hellmonk_ecumenical_altar_watching_god, uniq_sigmund

Notes
Turn   | Place    | Note
-------+----------+-------------------------------------------
     0 | D:1      | spaghetti the Ogre Fighter began the quest for the Orb.
     0 | D:1      | Reached XP level 1. HP: 24/24 MP: 1/1
     0 | D:1      | magus.rc [v1.9.6]
    70 | D:1      | Reached skill level 2 in Unarmed Combat
   363 | D:1      | Reached XP level 2. HP: 32/32 MP: 2/2
   738 | D:1      | You add the spells Gell's Gravitas, Teleport Other and
                  | Dispersal to your library.
   970 | D:2      | Reached XP level 3. HP: 40/40 MP: 3/3
   975 | D:2      | Reached skill level 5 in Fighting
  1035 | D:2      | Noticed Sigmund
  1044 | D:2      | HP: 10/42 [poisoned by Sigmund]
  1047 | D:2      | HP: 3/63 [poisoned by Sigmund]
  1047 | D:2      | Killed Sigmund
  1048 | D:2      | Reached skill level 7 in Fighting
  1048 | D:2      | Reached XP level 4. HP: 4/55 MP: 4/4
  1048 | D:2      | Reached XP level 5. HP: 5/62 MP: 5/5
  1050 | D:2      | HP: 1/93 [poisoned by Sigmund]
  1051 | D:2      | Succumbed to Sigmund's poison

Vanquished Creatures
  Sigmund (D:2)
  2 gnolls (D:2)
  3 bats (D:1)
  2 endoplasms (D:1)
  A goblin (D:1)
  3 hobgoblins (D:1)
  5 kobolds (D:1)
  2 quokkas (D:1)
  A frilled lizard (D:1)
  2 rats (D:1)
22 creatures vanquished.

Table legend:
 A = Non-vault XP
 B = Vault XP
 C = Vault XP percentage of total XP
 D = Non-vault monster count
 E = Vault monster count
 F = Vault count percentage of total count
                 A         B        C        D         E       F
            +---------+---------+-------+---------+---------+-------
      Total |      58 |     223 |  79.4 |      21 |       1 |   4.5
            +---------+---------+-------+---------+---------+-------
        D:1 |      31 |       0 |   0.0 |      19 |       0 |   0.0
        D:2 |      27 |     223 |  89.2 |       2 |       1 |  33.3
            +---------+---------+-------+---------+---------+-------

Illustrated notes

Table legend:
 A = Kills in this place as a percentage of kills in entire the game.
 B = Kills by you in this place as a percentage of kills by you in the entire game.
 C = Kills by friends in this place as a percentage of kills by friends in the entire game.
 D = Other kills in this place as a percentage of other kills in the entire game.
 E = Experience gained in this place as a percentage of experience gained in the entire game.
 F = Experience gained in this place divided by the number of levels of this place that you have seen.
                   A       B       C       D       E      F
               +-------+-------+-------+-------+-------+----------------------
         Total | 100.0 | 100.0 |   N/A |   N/A | 100.0 | 140.5
       Dungeon | 100.0 | 100.0 |   N/A |   N/A | 100.0 | 140.5
               +-------+-------+-------+-------+-------+----------------------

Table legend: (Time is in decaauts)
 A = Elapsed time spent in this place.
 B = Non-inter-level travel time spent in this place.
 C = Inter-level travel time spent in this place.
 D = Time resting spent in this place.
 E = Time spent auto-exploring this place.
 F = Levels seen in this place.
 G = Mean time per level.
                   A        B        C        D        E       F      G
               +--------+--------+--------+--------+--------+-----+--------+
         Total |   1058 |   1008 |     50 |      0 |    817 |   2 |  529.0 |
       Dungeon |   1058 |   1008 |     50 |      0 |    817 |   2 |  529.0 |
               +--------+--------+--------+--------+--------+-----+--------+

Top non-repeatable levels by time:
     D:1: 968 daAuts
     D:2: 89 daAuts
